 Dungeon Crawl Stone Soup version 0.16-a0-3807-g3748f16 (webtiles) character file.

22184 MDvedh the Spry (level 12, -5/65 HPs)
             Began as a Spriggan Enchanter on Jan 27, 2015.
             Was a High Priest of Ru.
             Slain by a giant leech (12 damage)
             ... on level 3 of the Lair of Beasts.
             The game lasted 00:54:07 (13644 turns).

MDvedh the Spry (Spriggan Enchanter)               Turns: 13644, Time: 00:54:07

Health: -5/65      AC: 16    Str:  4    XL:     12   Next: 60%
Magic:  18/29      EV: 30    Int: 18    God:    Ru [*****.]
Gold:   506        SH:  0    Dex: 20    Spells: 3 memorised, 17 levels left

rFire  . . .     SeeInvis +     k - +3 dagger (protect)
rCold  . . .     Clarity  .     v - +2 robe {Archmagi}
rNeg   . . .     SustAb   .     (shield restricted)
rPois  .         Gourm    .     (helmet restricted)
rElec  .         Spirit   .     N - +1 cloak
rCorr  .         Warding  .     (gloves unavailable)
rMut   .         Stasis   .     (boots unavailable)
MR     ++...                    (no amulet)
Stlth  ++++++....               D - +5 ring of protection
                                l - ring of stealth

@: very quick, very resistant to hostile enchantments, very stealthy
A: unfitting armour, see invisible, herbivore 3, speed 3, slow healing 1, slow
metabolism 2, hated by all, cowardly, no poison magic, no summoning magic, no
transmutations magic, slow reflexes 1
a: Draw Out Power, Power Leap, Apocalypse, Renounce Religion


You were on level 3 of the Lair of Beasts.
You worshipped Ru.
Ru was extremely pleased with you.
You were not hungry.

You visited 2 branches of the dungeon, and saw 12 of its levels.

You collected 808 gold pieces.
You spent 302 gold pieces at shops.

Inventory:

Hand weapons
 k - a +3 dagger of protection (weapon)
 t - a +7 quick blade
 y - a +0 rapier of flaming
Armour
 p - a +2 robe of fire resistance
 v - a +2 robe of the Archmagi (worn)
 N - a +1 cloak (worn)
Jewellery
 g - an uncursed ring of wizardry
 i - an uncursed ring of protection from fire
 l - a ring of stealth (left hand)
 D - a +5 ring of protection (right hand)
 M - an uncursed ring of teleportation
 P - an uncursed ring of stealth
Magical devices
 w - a wand of polymorph (5)
 x - a wand of fireball (9)
 R - a wand of hasting (2)
Scrolls
 e - 6 scrolls of remove curse
 f - 3 scrolls of identify
 h - 2 scrolls of teleportation
 j - a scroll of fear
 m - a scroll of enchant armour
 o - a scroll of enchant weapon
 F - 2 scrolls of magic mapping
 H - 4 scrolls of fog
 I - a scroll of silence {unknown}
 K - 3 scrolls of recharging
Potions
 a - 2 potions of brilliance
 b - 3 potions of restore abilities
 n - 2 potions of haste
 q - 2 potions of cancellation
 u - a potion of magic {unknown}
 A - a potion of berserk rage
 B - 5 potions of curing
 C - 3 potions of heal wounds
 E - 2 potions of ambrosia
 G - 2 potions of might
 Q - a potion of resistance
Books
 c - a book of Maledictions

   Spells                             Type                      Level
   a - Corona                         Hexes                        1
   b - Sure Blade                     Hexes/Charms                 2
   c - Ensorcelled Hibernation        Hexes/Ice                    2
   d - Confuse                        Hexes                        3
   e - Dazzling Spray                 Conjuration/Hexes            3
   f - Enslavement                    Hexes                        4
 r - a Necronomicon {highlevel, unknown}

   This book is beyond your current level of understanding.

   Spells                             Type                      Level
   a - Haunt                          Necromancy/Summoning         7
   b - Borgnjor's Revivification      Necromancy                   8
   c - Death's Door                   Charms/Necromancy            8
   d - Necromutation                  Transmutation/Necromancy     8
 s - a book of Unlife

   Spells                             Type                      Level
   a - Recall                         Summoning/Translocation      3
   b - Animate Dead                   Necromancy                   4
   c - Control Undead                 Necromancy                   4
   d - Cigotuvi's Embrace             Necromancy                   5
   e - Death Channel                  Necromancy                   6
   f - Simulacrum                     Ice/Necromancy               6
Comestibles
 d - 9 bread rations
 L - 6 slices of pizza


   Skills:
 + Level 8.9 Fighting
 - Level 10.0 Short Blades
 + Level 15.6 Dodging
 - Level 10.0 Stealth
 - Level 6.1 Spellcasting
 + Level 11.0 Hexes


You had 17 spell levels left.
You knew the following spells:

 Your Spells              Type           Power        Failure   Level  Hunger
a - Ensorcelled Hibernat  Hex/Ice        #####.       1%          2    None
b - Corona                Hex            ######.      1%          1    None
c - Confuse               Hex            ######..     1%          3    ##.....


Dungeon Overview and Level Annotations

Branches:
Dungeon (9/15)             Temple (0/1) D:4            Lair (3/8) D:9
  Swamp (0/5) Lair:3          Orc (0/4) D:9
  Snake: Lair:3-6    Spider: Lair:3-6

Altars:
Ashenzari
Dithmenos
Fedhas
Gozag
Nemelex Xobeh
Okawaru
Qazlal
Ru
Sif Muna
Trog
Vehumet
Xom

Shops:
D:5 **   D:6 *(:[[

Portals:
Ice
Cave: Lair:2


Innate Abilities, Weirdness & Mutations

You are tiny and cannot use many weapons and most armour.
You have supernaturally acute eyesight.
You are a herbivore.
You cover ground extremely quickly.
You heal slowly when monsters are visible.
You need consume almost no food.
You are hated by all.
You are a coward.
You cannot study or cast Poison magic.
You cannot study or cast Summoning magic.
You cannot study or cast Transmutations magic.
You have somewhat slow reflexes. (-3 EV)


Message History

You feel a surge of power!
The giant leech resists with some effort.
You feel a twist of horror at the sight of this foe.
Casting: Ensorcelled Hibernation
Confirm with . or Enter, or press ? or * to list all spells.
Aiming: Ensorcelled Hibernation
Press: ? - help, Shift-Dir - straight line, f/p - giant leech
Aim: a giant leech (chance 45%)
You feel a surge of power!
The giant leech looks drowsy...
The helpless giant leech fails to defend itself.
You perforate the giant leech like a sieve!!!!
You kill the giant leech!
Casting: Ensorcelled Hibernation
Confirm with . or Enter, or press ? or * to list all spells.
Aiming: Ensorcelled Hibernation
Press: ? - help, Shift-Dir - straight line, f - giant leech
Aim: a giant leech (chance 49%)
You feel a surge of power!
The giant leech looks drowsy...
The giant leech bites you!
You die...

........... ##.≈≈≈≈≈≈≈≈....
..######## #P..≈≈≈≈≈≈.....
...######## ##.........##..
..........♣♣ ♣♣ ##......[.......
.....###.♣♣§♣≈♣ ##........P..##..
...####..♣♣§§§♣♣♣.#........P.##.#
....###[.♣♣§§§≈♣.##...........#.#
.....>...♣♣§§§§♣..†..............
##...###.♣♣§≈♣♣♣@..####..........
###### ###♣♣§♣♣w#### #..#.#..#.#
# #w#♣†# #.######### # #....# #..
### #.#..# #.# #.# ####..# #..
.## #..... ..# .# ##.##P.# .# ##
##


You could see a giant leech.

Vanquished Creatures
  2 hydras (Lair:1)
  A hill giant (D:8)
  A torpor snail (Lair:3)
  2 black mambas
  Psyche (D:8)
  A queen ant (Lair:1)
  5 spiny frogs
  A troll (D:9)
  A fire drake (Lair:3)
  3 komodo dragons
  3 giant leeches (Lair:3)
  5 blink frogs (Lair:3)
  Prince Ribbit (D:8)
  27 yaks
  A wyvern (D:8)
  6 hippogriffs
  20 soldier ants (Lair:1)
  4 wolves (Lair:3)
  9 water moccasins
  6 porcupines
  The ghost of Xiguana the Ruffian, an average TrMo (D:3)
  A phantom (D:4)
  2 ice beasts
  2 ogres
  6 black bears
  2 orc warriors (D:9)
  A boring beetle (Lair:3)
  A wasp (D:9)
  Sigmund (D:3)
  3 sky beasts
  Duvessa (D:8)
  2 centaurs
  5 crocodiles
  8 giant frogs
  2 scorpions
  10 killer bees
  2 electric eels (Lair:3)
  Dowan (D:8)
  A crimson imp (D:7)
  A goliath beetle (D:6)
  A giant frog zombie (D:9)
  7 orc priests
  A gnoll shaman (D:6)
  8 iguanas
  5 orc wizards
  A centaur skeleton (D:4)
  2 quasits
  3 giant frog skeletons
  5 hounds
  26 worker ants
  Ijyb (D:6)
  Jessica (D:3)
  2 hound zombies
  A hound skeleton (D:3)
  Robin (D:3)
  A worker ant zombie (D:6)
  2 river rats (D:9)
  11 adders
  20 gnolls
  2 giant mites
  12 white imps (Lair:2)
  2 shadow imps
  3 worms
  2 adder skeletons (D:4)
  6 giant geckos
  An ooze (D:1)
  21 orcs
  16 bats
  2 bat skeletons
  A bat zombie (D:7)
  7 giant cockroaches
  20 goblins
  11 hobgoblins
  13 jackals
  14 quokkas
  A giant gecko zombie (D:9)
  2 giant newts
  18 kobolds
  13 rats
  4 ballistomycetes (D:6)
  2 fungi (D:9)
425 creatures vanquished.

Vanquished Creatures (others)
  A black mamba (Lair:2)
  A hound (D:7)
  A giant spore (D:6)
  A rat (D:7)
4 creatures vanquished.

Grand Total: 429 creatures vanquished

Notes
Turn   | Place    | Note
--------------------------------------------------------------
     0 | D:1      | MDvedh, the Spriggan Enchanter, began the quest for the Orb.
     0 | D:1      | Reached XP level 1. HP: 9/9 MP: 4/4
   848 | D:1      | Reached XP level 2. HP: 10/13 MP: 7/7
   852 | D:1      | Learned a level 2 spell: Ensorcelled Hibernation
  1479 | D:2      | Reached XP level 3. HP: 16/16 MP: 6/9
  1547 | D:2      | Reached skill level 5 in Stealth
  1838 | D:2      | Found a bloodstained altar of Trog.
  1894 | D:2      | Reached XP level 4. HP: 21/21 MP: 2/12
  2346 | D:3      | Noticed Jessica
  2351 | D:3      | Killed Jessica
  2391 | D:3      | Noticed Xiguana's ghost (average TrMo)
  2400 | D:3      | Learned a level 3 spell: Confuse
  2519 | D:3      | Noticed Robin
  2528 | D:3      | Killed Robin
  2662 | D:3      | Reached XP level 5. HP: 20/24 MP: 14/14
  2686 | D:3      | Found a sacrificial altar of Ru.
  2751 | D:3      | Became a worshipper of Ru the Awakened
  2983 | D:3      | Reached skill level 6 in Stealth
  3224 | D:3      | Noticed Sigmund
  3228 | D:3      | Killed Sigmund
  3228 | D:3      | Reached skill level 5 in Hexes
  3228 | D:3      | Reached XP level 6. HP: 28/28 MP: 14/17
  3276 | D:3      | Killed Xiguana's ghost
  3276 | D:3      | Reached skill level 5 in Short Blades
  3375 | D:3      | Found a sparkling altar of Nemelex Xobeh.
  3495 | D:3      | Reached skill level 7 in Stealth
  3504 | D:3      | Found a shimmering altar of Xom.
  3754 | D:4      | Found a staircase to the Ecumenical Temple.
  3911 | D:4      | Reached XP level 7. HP: 14/32 MP: 0/19
  4104 | D:4      | Gained mutation: You are hated by all. [Ru sacrifice]
  4104 | D:4      | Acquired Ru's first power
  4922 | D:5      | Entered Level 5 of the Dungeon
  5000 | D:5      | Reached skill level 5 in Dodging
  5010 | D:5      | Reached XP level 8. HP: 24/36 MP: 12/20
  5130 | D:5      | Found Gozag's Platinum Reserve.
  5155 | D:5      | Found Qowkaog's General Store.
  5158 | D:5      | Bought a scroll of teleportation for 39 gold pieces
  5158 | D:5      | Bought a meat ration for 65 gold pieces
  5158 | D:5      | Bought a scroll of remove curse for 39 gold pieces
  5314 | D:5      | Found an opulent altar of Gozag.
  5696 | D:6      | Reached skill level 8 in Short Blades
  5732 | D:6      | Found Iruetwy's Book Shop.
  5794 | D:6      | Found a blossoming altar of Fedhas.
  5810 | D:6      | Found Xido's Antique Armour Boutique.
  5811 | D:6      | Found Nebodudd's Armour Boutique.
  5832 | D:6      | Bought an embroidered robe for 16 gold pieces
  5842 | D:6      | Bought a glowing robe for 16 gold pieces
  5869 | D:6      | Noticed Ijyb
  5907 | D:6      | Killed Ijyb
  6019 | D:6      | Found a shadowy altar of Dithmenos.
  6299 | D:6      | Gained mutation: You are a coward. [Ru sacrifice]
  6299 | D:6      | Acquired Ru's second power
  6423 | D:6      | Found Schonoih's Antique Weapon Emporium.
  6426 | D:6      | Bought a glowing rapier for 108 gold pieces
  6553 | D:6      | Found Naaqah's Assorted Antiques.
  6560 | D:6      | Bought a sapphire potion for 19 gold pieces
  6623 | D:7      | Reached skill level 9 in Short Blades
  6985 | D:7      | Found an iron altar of Okawaru.
  6995 | D:7      | Reached XP level 9. HP: 37/39 MP: 22/22
  7512 | D:8      | Reached skill level 10 in Short Blades
  7658 | D:8      | Noticed Duvessa
  7666 | D:8      | Killed Duvessa
  7670 | D:8      | Noticed Dowan
  7674 | D:8      | Killed Dowan
  7742 | D:8      | Noticed a hill giant
  7819 | D:8      | Killed a hill giant
  7819 | D:8      | Reached skill level 1 in Fighting
  8115 | D:8      | Noticed Psyche
  8132 | D:8      | Killed Psyche
  8173 | D:8      | Reached XP level 10. HP: 45/47 MP: 24/26
  8360 | D:8      | Gained mutation: You have somewhat slow reflexes. (-3 EV) [Ru sacrifice]
  8360 | D:8      | Acquired Ru's third power
  8399 | D:8      | Noticed Prince Ribbit
  8401 | D:8      | Killed Prince Ribbit
  8401 | D:8      | Reached skill level 5 in Spellcasting
  8669 | D:8      | Found a radiant altar of Vehumet.
  8669 | D:8      | Found a stormy altar of Qazlal.
  8747 | D:9      | Found a staircase to the Lair.
  8990 | D:9      | Reached skill level 10 in Stealth
  9004 | D:9      | Found a staircase to the Orcish Mines.
  9023 | D:9      | Reached skill level 10 in Dodging
  9190 | D:9      | Found a shattered altar of Ashenzari.
  9500 | D:9      | Found a bloodstained altar of Trog.
  9756 | D:9      | Found a deep blue altar of Sif Muna.
  9858 | Lair:1   | Entered Level 1 of the Lair of Beasts
  9978 | Lair:1   | Noticed a six-headed hydra
  9985 | Lair:1   | Killed a six-headed hydra
  9985 | Lair:1   | Reached skill level 11 in Dodging
 10021 | Lair:1   | Reached skill level 5 in Fighting
 10119 | Lair:1   | Reached XP level 11. HP: 54/56 MP: 23/29
 10130 | Lair:1   | Reached skill level 12 in Dodging
 10272 | Lair:1   | Gained mutation: You cannot study or cast Poison magic. [Ru sacrifice]
 10272 | Lair:1   | Gained mutation: You cannot study or cast Transmutations magic. [Ru sacrifice]
 10272 | Lair:1   | Gained mutation: You cannot study or cast Summoning magic. [Ru sacrifice]
 10272 | Lair:1   | Acquired Ru's fourth power
 10577 | Lair:1   | Noticed a seven-headed hydra
 10612 | Lair:1   | Killed a seven-headed hydra
 10748 | Lair:1   | Reached skill level 13 in Dodging
 10962 | Lair:1   | Noticed a black mamba
 10980 | Lair:1   | Killed a black mamba
 11215 | Lair:2   | Found a frozen archway.
 11468 | Lair:2   | Reached skill level 14 in Dodging
 11593 | Lair:2   | Identified a scroll of acquirement
 11594 | Lair:2   | Got a wizard robe
 11605 | Lair:2   | Identified the +2 robe of Makhleb's Fury {rF+} (You acquired it on level 2 of the Lair of Beasts)
 11729 | Lair:2   | Reached XP level 12. HP: 45/64 MP: 27/29
 12397 | Lair:3   | Gained mutation: You heal slowly when monsters are visible. [Ru sacrifice]
 12397 | Lair:3   | Acquired Ru's fifth power
 12406 | Lair:3   | Reached skill level 10 in Hexes
 12505 | Lair:3   | Reached skill level 15 in Dodging
 13615 | Lair:3   | Found a staircase to the Swamp.
 13644 | Lair:3   | Slain by a giant leech

Action                   |  1- 3 |  4- 6 |  7- 9 | 10-12 || total
-------------------------+-------+-------+-------+-------++-------
Melee: Dagger            |    91 |   161 |   557 |  1115 ||  1924
 Cast: Ensorcelled Hiber |    10 |    23 |    59 |    69 ||   161
       Confuse           |       |     7 |    10 |    39 ||    56
       Corona            |       |       |       |     1 ||     1
Invok: Sacrifice Love    |       |       |     1 |       ||     1
       Sacrifice Courage |       |       |     1 |       ||     1
       Sacrifice Health  |       |       |       |     1 ||     1
       Draw Out Power    |       |       |       |     1 ||     1
       Sacrifice Arcana  |       |       |       |     1 ||     1
       Apocalypse        |       |       |       |     1 ||     1
       Sacrifice Purity  |       |       |       |     1 ||     1
Evoke: Wand              |       |       |       |     1 ||     1
  Use: Scroll            |       |     3 |    12 |    12 ||    27
       Potion            |       |       |     1 |     2 ||     3
 Stab: Sleeping          |    14 |    26 |    53 |    77 ||   170
       Confused          |       |     3 |     6 |    23 ||    32
       Distracted        |       |     2 |     1 |    12 ||    15
       Invisible         |       |       |     2 |     5 ||     7
       Fleeing           |       |       |       |     1 ||     1
  Eat: Fruit             |       |     1 |     4 |     5 ||    10
       Bread ration      |       |     1 |       |       ||     1
       Pizza             |       |       |     1 |     4 ||     5
